 Dungeon Crawl Stone Soup version 0.23-a0-408-g9d4b7ed (webtiles) character file.

217843 nujazz the Warrior (level 17, -4/161 HPs)
             Began as a Demonspawn Gladiator on Nov 8, 2018.
             Was the Champion of Makhleb.
             Slain by an acid blob (18 damage)
             ... on level 1 of the Pits of Slime.
             The game lasted 02:10:02 (34460 turns).

nujazz the Warrior (Demonspawn Gladiator)          Turns: 34460, Time: 02:10:02

Health: -4/161     AC: 12    Str: 19    XL:     17   Next: 96%
Magic:  25/25      EV: 18    Int: 10    God:    Makhleb [******]
Gold:   1767       SH: 18    Dex: 20    Spells: 16/16 levels left

rFire    . . .     SeeInvis .   S - +1 trident (pierce)
rCold    . . .     Gourm    +   x - +5 shield {reflect}
rNeg     . . .     Faith    .   s - +1 plate armour {MR+}
rPois    +         Spirit   .   (helmet restricted)
rElec    .         Reflect  +   p - scarf {repulsion}
rCorr    +         Harm     .   y - +0 pair of gloves
MR       ++...                  (no boots)
Stlth    ..........             t - amulet of the gourmand
HPRegen  0.36/turn              V - ring of resist corrosion
MPRegen  0.19/turn              L - +4 ring of slaying

@: agile, corroded, repel missiles
A: horns 1, talons 2, slimy green scales 3, powered by pain 3, robust 1, spiny
3, weak 1, subdued magic 2
}: 2/15 runes: serpentine, barnacled
a: Minor Destruction, Lesser Servant of Makhleb, Major Destruction, Greater
Servant of Makhleb, Renounce Religion


You were on level 1 of the Pits of Slime.
You worshipped Makhleb.
Makhleb was exalted by your worship.
You were not hungry.

You visited 6 branches of the dungeon, and saw 29 of its levels.

You collected 2334 gold pieces.
You spent 567 gold pieces at shops.

Inventory:

Hand Weapons
 K - a +1 trident of venom
 P - a +1 glaive of venom
 S - a +1 trident of piercing (weapon)
Missiles
 a - 14 javelins of penetration
 Q - 6 throwing nets
 T - 13 poisoned javelins (quivered)
Armour
 c - a +1 helmet
 p - a scarf of repulsion (worn)
 s - a +1 plate armour of magic resistance (worn)
 x - a +5 shield of reflection (worn)
 y - a +0 pair of gloves (worn)
Jewellery
 r - an uncursed ring of protection from fire
 t - an amulet of the gourmand (around neck)
 G - an uncursed ring of positive energy
 H - an uncursed ring of protection from cold
 L - a +4 ring of slaying (right hand)
 O - an uncursed ring of see invisible
 R - an uncursed ring of protection from fire
 V - a ring of resist corrosion (left hand)
 X - an uncursed ring of flight
 Y - an uncursed ring of protection from fire
 Z - the ring of Esucakul {rN+ MR+}
   (You found it on level 4 of the Shoals)

   [ring of positive energy]

   It protects you from negative energy.
   It affects your resistance to hostile enchantments.
Wands
 n - a wand of paralysis (17)
 v - a wand of acid (17)
 W - a wand of digging (5)
Scrolls
 b - 2 scrolls of fear
 e - 11 scrolls of remove curse
 h - 2 scrolls of identify
 k - 5 scrolls of enchant armour
 m - 2 scrolls of enchant weapon
 o - 3 scrolls of amnesia
 u - a scroll of brand weapon
 C - 3 scrolls of fog
 D - a scroll of blinking
 M - a scroll of silence
Potions
 g - 3 potions of brilliance
 i - 5 potions of agility
 l - 5 potions of haste
 q - 3 potions of flight
 w - 2 potions of resistance
 z - 5 potions of curing
 B - 4 potions of mutation
 E - 3 potions of might
 F - 5 potions of ambrosia
 I - 9 potions of lignification
 J - a potion of heal wounds
 N - 2 potions of berserk rage
 U - 2 potions of invisibility
Miscellaneous
 d - a phial of floods
 A - a crystal ball of energy
Comestibles
 f - 19 rations


   Skills:
 + Level 17.0 Fighting
 - Level 14.0 Polearms
 - Level 6.0 Throwing
 - Level 9.1 Armour
 - Level 12.5 Dodging
 + Level 12.9 Shields
 + Level 10.8 Invocations


You had 16 spell levels left.
You didn't know any spells.
Your spell library contained the following spells:

 Spells                   Type           Power        Failure   Level  Hunger
 Corona                   Hex            #......      100%        1    ##.....
 Magic Dart               Conj           #...         100%        1    ##.....
 Poisonous Vapours        Pois/Air       #.....       100%        2    ###....
 Searing Ray              Conj           #.....       100%        2    ###....
 Conjure Flame            Conj/Fire      #.......     100%        3    ####...
 Dazzling Spray           Conj/Hex       #.....       100%        3    ####...
 Inner Flame              Hex/Fire       #.......     100%        3    ####...
 Mephitic Cloud           Conj/Pois/Air  #.......     100%        3    ####...
 Force Lance              Conj/Tloc      #.......     100%        4    #####..
 Fulminant Prism          Conj/Hex       #.........   100%        4    #####..
 Iskenderun's Mystic Bla  Conj           #.......     100%        4    #####..
 Leda's Liquefaction      Hex/Erth       #.........   100%        4    #####..
 Freezing Cloud           Conj/Ice/Air   #.........   100%        6    #######
 Ring of Flames           Chrm/Fire      #.........   100%        7    #######
 Controlled Blink         Tloc           N/A          100%        8    #######


Dungeon Overview and Level Annotations

Branches:
Dungeon (9/15)             Temple (0/1) D:7            Lair (6/6) D:9
 Shoals (4/4) Lair:2        Snake (4/4) Lair:4        Slime (4/5) Lair:5
    Orc (2/2) D:9             Elf (0/3) Orc:2

Altars:
Ashenzari
Dithmenos
Elyvilon
Gozag
Kikubaaqudgha
Makhleb
Okawaru
Sif Muna
Trog
Vehumet
Wu Jian
Yredelemnul
Zin
The Shining One
Beogh

Shops:
Orc:2 [[[(   Snake:1 }(**

Annotations:
D:3 3 runed doors, derval's ghost, amateur DEIE
Snake:3 exclusion: Roxanne, Roxanne


Innate Abilities, Weirdness & Mutations

You have razor-sharp toenails.
You are completely covered in slimy green scales. (AC +4, rPois)
You are powered by pain.
You are robust. (+10% HP)
You are completely covered in sharp spines.
You have a pair of small horns on your head.
You are weak. (Str -2)
Your spells are easier to cast, but less powerful.


Message History

You hit the acid blob.
Your hands burn!
You claw the acid blob. You headbutt the acid blob.
The acid blob is moderately wounded.
You block the acid blob's attack.
You hit the acid blob. The acid corrodes you!
Your hands burn!
You headbutt the acid blob!
The acid blob is moderately wounded.
You puncture the acid blob!
Your hands burn!
You claw the acid blob, but do no damage.
The acid blob is heavily wounded.
The acid blob hits you!!!
* * * LOW HITPOINT WARNING * * *
You are splashed with acid!
The acid burns!
You resist.
* * * LOW HITPOINT WARNING * * *
You hit the acid blob but do no damage.
Your hands burn!
* * * LOW HITPOINT WARNING * * *
You claw the acid blob.
The acid blob is heavily wounded.
The acid blob is struck by your spines. The acid blob hits you!!
You die...

............###...#
... ..........#
....## .. ...
#....#...# .....# #..
...
##.......###....##...
.#.
#.........##.........
#..
##...................
##.
##.<......#.........
#. #.......##.....#
#. ##....@........#.#
## ##..J.............
.. ##..............#.
... #........#..#..##
##.
###......##..##...#
## #.............#
..# # ..............#
...# .....#.........#
.## ....#####.###.#.


You could see an acid blob.

Vanquished Creatures
  Saint Roka (Snake:2)
  4 acid blobs
  9 nagarajas
  An azure jelly (Slime:3)
  An orc warlord (Orc:2)
  Azrael (Snake:3)
  An ettin (Orc:2)
  4 merfolk javelineers
  A merfolk impaler (Shoals:4)
  A death ooze (Slime:1)
  Josephine (Shoals:1)
  11 naga warriors
  3 hydras
  2 catoblepae
  A merfolk aquamancer (Shoals:4)
  A merfolk avatar (Shoals:4)
  An alligator snapping turtle (Shoals:4)
  12 anacondas
  17 naga sharpshooters
  4 satyrs
  4 orc high priests
  4 death yaks
  3 shock serpents
  3 salamander mystics
  9 sea snakes
  9 naga ritualists
  An orc knight (Orc:2)
  Pikel (D:6)
  14 harpies
  11 fauns
  9 mana vipers
  An oklob plant (Shoals:2)
  An orc sorcerer (Orc:1)
  A cyclops (Shoals:2)
  3 shining eyes
  11 manticores
  7 salamanders
  9 merfolk sirens
  Maurice (Orc:1)
  46 black mambas
  12 elephants
  An eye of devastation (Slime:2)
  5 water nymphs
  7 guardian serpents
  18 naga magi
  7 spiny frogs
  6 rime drakes
  13 komodo dragons
  2 polar bears (Lair:6)
  3 wind drakes
  2 trolls
  21 merfolk
  16 blink frogs
  7 dream sheep
  41 slime creatures
  7 snapping turtles
  17 hippogriffs
  Sigmund (D:5)
  11 wyverns
  5 wraiths (Shoals:1)
  5 water elementals
  2 hungry ghosts
  6 basilisks
  Eustachio (D:6)
  21 yaks
  2 fire elementals (Snake:3)
  Menkaure (D:7)
  5 wargs
  63 nagas
  5 hell hounds
  6 water moccasins
  10 porcupines
  2 sky beasts
  2 eyes of draining
  26 orc warriors
  2 black bears
  A slave (D:6)
  5 ogres
  3 phantoms
  10 wolves
  11 centaurs
  12 crocodiles
  2 big kobolds (D:9)
  Blork the orc (D:5)
  12 bullfrogs
  A wyvern zombie (D:9)
  A scorpion (D:3)
  2 electric eels
  2 howler monkeys (D:4)
  2 bullfrog zombies
  7 jellies
  2 crimson imps
  A quasit (D:8)
  7 hounds
  13 orc priests
  A gnoll shaman (D:5)
  A bullfrog skeleton (D:5)
  4 iguanas
  6 hell rats
  22 orc wizards
  8 worker ants
  A hound zombie (D:3)
  2 worker ant zombies
  19 gnolls
  7 adders
  2 shadow imps
  6 oozes
  4 adder zombies
  2 adder skeletons
  2 worms (D:2)
  A dart slug (D:2)
  5 leopard geckos
  92 orcs
  6 bats
  2 bat skeletons (D:2)
  A bat zombie (D:2)
  4 giant cockroaches
  8 goblins
  5 hobgoblins
  12 jackals
  A quokka (D:4)
  2 ball pythons
  4 frilled lizards
  A giant cockroach zombie (D:2)
  16 kobolds
  2 leopard gecko skeletons
  6 rats
  2 fungi
  2 plants
  A withered plant (Shoals:3)
941 creatures vanquished.

Vanquished Creatures (collateral kills)
  Vashnia (Snake:2)
  A merfolk impaler (Shoals:4)
  2 hydras (Lair:5)
  A merfolk aquamancer (Shoals:4)
  2 death yaks (Lair:6)
  A deep troll shaman (Lair:6)
  3 naga sharpshooters (Snake:2)
  An orc sorcerer (Snake:2)
  A mana viper (Snake:2)
  A salamander (Snake:2)
  2 black mambas (Snake:2)
  A naga mage (Snake:1)
  2 dream sheep (Lair:4)
  2 basilisks (Lair:5)
  A fire elemental (Snake:3)
  2 nagas (Snake:2)
  3 orc warriors
  An ogre (Snake:2)
  A wolf (Lair:4)
  An orc priest (Snake:2)
  An orc wizard (Snake:2)
  2 orcs
33 creatures vanquished.

Vanquished Creatures (others)
  Snorg (Lair:5)
  Urug (Lair:5)
  A merfolk aquamancer (Shoals:4)
  3 gnolls (D:7)
  2 orcs (Orc:2)
  A rat (D:2)
  9 fungi
  8 plants
26 creatures vanquished.

Grand Total: 1000 creatures vanquished

Notes
Turn   | Place    | Note
-------+----------+-------------------------------------------
     0 | D:1      | nujazz the Demonspawn Gladiator began the quest for the
                  | Orb.
     0 | D:1      | Reached XP level 1. HP: 16/16 MP: 1/1
   168 | D:1      | Gained mutation: You are partially covered in slimy green
                  | scales. (AC +2) [demonic ancestry]
   168 | D:1      | Reached XP level 2. HP: 16/22 MP: 2/2
   705 | D:1      | Gained mutation: You have sharp toenails. [demonic
                  | ancestry]
   705 | D:1      | Reached XP level 3. HP: 20/28 MP: 3/3
  1185 | D:2      | Found a radiant altar of Vehumet.
  1382 | D:2      | Gained mutation: You have razor-sharp toenails. [demonic
                  | ancestry]
  1382 | D:2      | Reached XP level 4. HP: 34/34 MP: 4/4
  1435 | D:2      | Reached skill level 3 in Fighting
  1800 | D:3      | Reached skill level 1 in Shields
  1800 | D:3      | Gained mutation: You are partially covered in sharp spines.
                  | [demonic ancestry]
  1800 | D:3      | Reached XP level 5. HP: 31/41 MP: 5/5
  2071 | D:3      | Found a runed gate.
  2072 | D:3      | Found a runed gate.
  2072 | D:3      | Found a runed gate.
  2468 | D:3      | Reached skill level 4 in Fighting
  2682 | D:3      | Noticed derval's ghost (amateur DEIE)
  2802 | D:4      | Gained mutation: You are mostly covered in sharp spines.
                  | [demonic ancestry]
  2802 | D:4      | Reached XP level 6. HP: 48/48 MP: 6/6
  3573 | D:4      | Reached skill level 5 in Polearms
  3663 | D:4      | Gained mutation: You are mostly covered in slimy green
                  | scales. (AC +3) [demonic ancestry]
  3663 | D:4      | Reached XP level 7. HP: 55/55 MP: 7/7
  3705 | D:5      | Entered Level 5 of the Dungeon
  3709 | D:5      | Noticed Blork the orc
  3720 | D:5      | Killed Blork the orc
  3720 | D:5      | Reached skill level 5 in Fighting
  3721 | D:5      | Found a shadowy altar of Dithmenos.
  4398 | D:5      | Found a shattered altar of Ashenzari.
  4399 | D:5      | Found an opulent altar of Gozag.
  4399 | D:5      | Found a glowing golden altar of the Shining One.
  4399 | D:5      | Found a deep blue altar of Sif Muna.
  4574 | D:5      | Noticed Sigmund
  4595 | D:5      | Killed Sigmund
  4672 | D:5      | Found a burning altar of Makhleb.
  4675 | D:5      | Found a glowing silver altar of Zin.
  4676 | D:5      | Noticed an angel
  4677 | D:5      | Noticed a green death
  4687 | D:5      | Became a worshipper of Makhleb the Destroyer
  4699 | D:5      | Reached skill level 6 in Fighting
  4702 | D:5      | Gained mutation: You are completely covered in slimy green
                  | scales. (AC +4, rPois) [demonic ancestry]
  4702 | D:5      | Reached XP level 8. HP: 59/64 MP: 8/8
  5325 | D:6      | Reached skill level 7 in Fighting
  5377 | D:6      | Reached * piety under Makhleb
  6099 | D:6      | Gained mutation: You sometimes gain a little power by
                  | taking damage. [demonic ancestry]
  6099 | D:6      | Reached XP level 9. HP: 71/72 MP: 9/9
  6108 | D:6      | Found an ancient bone altar of Kikubaaqudgha.
  6306 | D:7      | Noticed Menkaure
  6491 | D:6      | Noticed Eustachio
  6510 | D:6      | Killed Eustachio
  6695 | D:7      | Reached skill level 8 in Fighting
  7171 | D:7      | Noticed Pikel
  7194 | D:6      | Killed Pikel
  7194 | D:6      | Reached skill level 5 in Shields
  7285 | D:7      | Killed Menkaure
  7285 | D:7      | Reached skill level 9 in Fighting
  7541 | D:7      | Found an iron altar of Okawaru.
  7619 | D:7      | Found a staircase to the Ecumenical Temple.
  7880 | D:7      | Found the +3 salamander hide armour {+Rage rF++}
  7967 | D:8      | Found a basalt altar of Yredelemnul.
  8323 | D:8      | Gained mutation: You sometimes gain power by taking damage.
                  | [demonic ancestry]
  8323 | D:8      | Reached XP level 10. HP: 75/83 MP: 10/10
  8370 | D:8      | Reached ** piety under Makhleb
  8749 | D:9      | Found an ornate altar of the Wu Jian Council.
  8965 | D:9      | Noticed a death yak
  8997 | D:9      | Killed a death yak
  8997 | D:9      | Reached skill level 10 in Fighting
  9055 | D:9      | Found a staircase to the Lair.
  9257 | D:9      | Found a white marble altar of Elyvilon.
  9302 | D:9      | Reached skill level 10 in Polearms
  9512 | D:9      | Reached *** piety under Makhleb
  9652 | D:9      | Noticed an elephant
  9674 | D:9      | Killed an elephant
 10305 | D:9      | Found a staircase to the Orcish Mines.
 10394 | Lair:1   | Entered Level 1 of the Lair of Beasts
 10424 | Lair:1   | Noticed a spiny frog
 10438 | Lair:1   | Killed a spiny frog
 10593 | D:9      | Reached XP level 11. HP: 69/92 MP: 11/11
 11525 | Lair:1   | Reached **** piety under Makhleb
 11580 | Lair:1   | Found a bloodstained altar of Trog.
 11655 | Lair:1   | Noticed a four-headed hydra
 12383 | Lair:2   | Identified the Collected Works on the Voyage and Execration
 12689 | Lair:2   | Reached skill level 11 in Fighting
 12705 | Lair:2   | Reached skill level 5 in Dodging
 13004 | Lair:2   | Found a staircase to the Shoals.
 13362 | Lair:3   | Noticed an eight-headed hydra
 13574 | Lair:3   | Noticed a five-headed hydra
 13582 | Lair:3   | Killed a five-headed hydra
 13582 | Lair:3   | Reached XP level 12. HP: 100/100 MP: 12/12
 13896 | Lair:3   | Found a glowing silver altar of Zin.
 14167 | Lair:4   | Reached skill level 1 in Invocations
 14187 | Lair:4   | Found a staircase to the Snake Pit.
 14977 | Lair:5   | Killed Urug
 14994 | Lair:5   | Killed Snorg
 15001 | Lair:5   | Noticed a five-headed hydra
 15002 | Lair:5   | Noticed a five-headed hydra
 15714 | Lair:5   | Killed a six-headed hydra
 15730 | Lair:5   | Reached skill level 12 in Fighting
 15733 | Lair:5   | Killed a five-headed hydra
 15752 | Lair:5   | Reached skill level 5 in Invocations
 15958 | Lair:5   | Gained mutation: You are powered by pain. [demonic
                  | ancestry]
 15958 | Lair:5   | Reached XP level 13. HP: 104/108 MP: 17/17
 16054 | Lair:5   | Found a staircase to the Slime Pits.
 16526 | Lair:6   | Entered Level 6 of the Lair of Beasts
 18308 | Lair:6   | Reached skill level 13 in Fighting
 19108 | Orc:1    | Entered Level 1 of the Orcish Mines
 19238 | Orc:1    | Found a burning altar of Makhleb.
 19356 | Orc:2    | Entered Level 2 of the Orcish Mines
 19358 | Orc:2    | Noticed an ettin
 19371 | Orc:2    | Killed an ettin
 19396 | Orc:2    | Found a roughly hewn altar of Beogh.
 19411 | Orc:2    | Found Ilicw's Antique Armour Boutique.
 19436 | Orc:2    | Bought a distressingly furry scale mail for 252 gold pieces
 19446 | Orc:2    | Identified the +3 scale mail "Digurhel" {MP+9} (You bought
                  | it in a shop on level 2 of the Orcish Mines)
 19484 | Orc:2    | Found a staircase to the Elven Halls.
 19517 | Orc:2    | Found a roughly hewn altar of Beogh.
 19705 | Orc:2    | Found a roughly hewn altar of Beogh.
 19712 | Orc:2    | Reached ***** piety under Makhleb
 19910 | Orc:2    | Found a roughly hewn altar of Beogh.
 19920 | Orc:2    | Found Voribeok's Armour Shop.
 19941 | Orc:2    | Reached skill level 1 in Armour
 19941 | Orc:2    | Reached XP level 14. HP: 107/118 MP: 18/18
 20036 | Orc:2    | Found a roughly hewn altar of Beogh.
 20077 | Orc:2    | Noticed an orc warlord
 20139 | Orc:2    | Killed an orc warlord
 20541 | Orc:2    | Found Cujung's Antique Armour Shoppe.
 20542 | Orc:2    | Found a roughly hewn altar of Beogh.
 20543 | Orc:2    | Found Nemupu Kewyi's Antique Weapon Emporium.
 20689 | Orc:2    | Found a roughly hewn altar of Beogh.
 20741 | Orc:2    | Found a roughly hewn altar of Beogh.
 20834 | Orc:2    | Found a roughly hewn altar of Beogh.
 20943 | Orc:1    | Noticed Maurice
 21065 | Orc:1    | Killed Maurice
 21282 | Orc:1    | You fall through a shaft!
 21489 | Snake:1  | Entered Level 1 of the Snake Pit
 21549 | Snake:1  | Found Veckepi's Assorted Antiques.
 21558 | Snake:1  | Found Pighups's General Store.
 21561 | Snake:1  | Bought a scroll of enchant weapon for 240 gold pieces
 21570 | Snake:1  | Bought a potion of heal wounds for 75 gold pieces
 21865 | Snake:1  | Found Efaucarpha's Gadget Shop.
 21956 | Snake:1  | Found Raneygea's Weapon Shoppe.
 22068 | Snake:1  | Reached skill level 10 in Dodging
 22267 | Snake:1  | Got a faintly glowing leather armour
 22268 | Snake:1  | Identified the +3 leather armour of Babrec {Int+3 SInv}
                  | (You found it on level 1 of the Snake Pit)
 22622 | Snake:2  | Reached skill level 14 in Fighting
 23360 | Snake:2  | Noticed a nagaraja
 23383 | Snake:2  | Killed a nagaraja
 23416 | Snake:2  | Noticed Saint Roka
 23665 | Snake:2  | Killed Saint Roka
 23665 | Snake:2  | Reached skill level 5 in Armour
 23950 | Snake:2  | Noticed Vashnia
 24046 | Snake:2  | Killed Vashnia
 24046 | Snake:2  | Reached XP level 15. HP: 33/127 MP: 19/19
 25890 | Snake:3  | Reached skill level 10 in Shields
 26062 | Snake:3  | Noticed Roxanne
 26155 | Snake:3  | Noticed a nagaraja
 26172 | Snake:3  | Killed a nagaraja
 26286 | Snake:3  | Noticed Azrael
 26309 | Snake:3  | Killed Azrael
 26653 | Snake:3  | Reached skill level 15 in Fighting
 27452 | Snake:4  | Entered Level 4 of the Snake Pit
 28026 | Snake:4  | Gained mutation: You are robust. (+10% HP) [demonic
                  | ancestry]
 28026 | Snake:4  | Reached XP level 16. HP: 103/149 MP: 20/20
 29481 | Snake:4  | Got a serpentine rune of Zot
 29777 | Shoals:1 | Entered Level 1 of the Shoals
 29926 | Shoals:1 | Reached skill level 16 in Fighting
 30255 | Shoals:1 | Noticed Josephine
 30271 | Shoals:1 | Killed Josephine
 30855 | Shoals:2 | Gained mutation: You are completely covered in sharp
                  | spines. [demonic ancestry]
 30855 | Shoals:2 | Reached XP level 17. HP: 147/158 MP: 22/22
 30965 | Shoals:2 | Found an iron altar of Okawaru.
 31112 | Shoals:3 | Reached ****** piety under Makhleb
 31562 | Shoals:4 | Entered Level 4 of the Shoals
 32507 | Shoals:4 | Reached skill level 5 in Throwing
 32560 | Shoals:4 | Got a twitching tin ring
 32562 | Shoals:4 | Identified the ring of Esucakul {rN+ MR+} (You found it on
                  | level 4 of the Shoals)
 33062 | Shoals:4 | Got a barnacled rune of Zot
 33437 | Slime:1  | Entered Level 1 of the Pits of Slime
 33480 | Slime:1  | Gained mutation: You are weak. (Str -2) [a shining eye]
 33487 | Slime:2  | Gained mutation: Your spells are a little easier to cast,
                  | but a little less powerful. [a shining eye]
 33519 | Slime:1  | Noticed an acid blob
 33522 | Slime:1  | Noticed an acid blob
 33545 | Slime:1  | Gained mutation: You have a pair of small horns on your
                  | head. [a shining eye]
 33550 | Slime:1  | Gained mutation: Your spells are easier to cast, but less
                  | powerful. [a shining eye]
 33704 | Slime:1  | Killed an acid blob
 33704 | Slime:1  | Reached skill level 10 in Invocations
 33808 | Slime:3  | Noticed an acid blob
 33818 | Slime:3  | Killed an acid blob
 33848 | Slime:4  | Noticed an acid blob
 33848 | Slime:4  | Noticed an acid blob
 33848 | Slime:4  | Noticed an acid blob
 33848 | Slime:4  | Noticed an acid blob
 33848 | Slime:4  | Noticed an acid blob
 33848 | Slime:4  | Noticed an acid blob
 33848 | Slime:4  | Noticed an acid blob
 34362 | Slime:1  | Killed an acid blob
 34422 | Slime:2  | Noticed an acid blob
 34424 | Slime:2  | Noticed an acid blob
 34428 | Slime:2  | Noticed an acid blob
 34430 | Slime:2  | Killed an acid blob
 34430 | Slime:2  | Reached skill level 17 in Fighting
 34460 | Slime:1  | Slain by an acid blob

Vault maps used:
D:1:      ebering_hopf_link
D:2:      fiery_altar_vehumet, serial_undead, serial_undead_c, serial_undead_c,
          serial_undead_d, serial_undead_a, serial_undead_c, serial_undead_e
D:3:      gammafunk_ghost_necromancy
D:4:      first_ration
D:5:      grunt_temple_overflow_order_and_chaos_2, minitemple,
          nicolae_dithmenos_shadow_blocks, uniq_sigmund, uniq_blork_the_orc
D:6:      lemuel_coloured_pillars_altar, minmay_misc_feat_roman, uniq_eustachio
D:7:      minmay_cornered_nines, okawaru_ov_weapons_minmay,
          minmay_temple_entry_water_ring, grunt_ogre_cave, chequers_mini_garden,
          uniq_pikel, uniq_menkaure
D:8:      kennysheep_little_box
D:9:      old_standard_altar, elyvilon_altar_1, david_lair_generic,
          hiddenorc1_lemuel
Lair:1:   basic_altar, serial_bayou_shore_a
Lair:2:   elwin_shoals_entry_rooms
Lair:3:   lemuel_centaur_altar
Lair:4:   guppyfry_snake_entry_island, serial_bayou_shore_b
Lair:5:   nicolae_slime_entry_slimehenge, special_room, grunt_megastairs_4,
          uniq_urug, uniq_snorg
Lair:6:   grunt_lair_end_beastmaster, grunt_megastairs_3, serial_bayou_shore_b,
          infiniplex_staircase_pool_2
Shoals:1: uniq_josephine
Shoals:2: cheibrodos_shoals_satyrical_garden, gammafunk_ghost_grave,
          ldierk_geyser, lemuel_oklob_altar, uniq_ilsuiw
Shoals:3: argonaut_gorgonesque
Shoals:4: shoals_end_simple, nicolae_shoals_circle_sea_wall
Snake:1:  serial_shops, shop, shop, nicolae_shop_trees, nicolae_shop_waterfront,
          serial_bayou_shore_b
Snake:2:  grunt_megastairs_2, serial_bayou_shore_b, uniq_vashnia,
          uniq_saint_roka
Snake:3:  spider_trap, uniq_roxanne, uniq_azrael
Snake:4:  johnstein_snake_rune_scales, nrook_guardian_serpent_ordinary
Slime:3:  uniq_dissolution
Slime:4:  nicolae_slime_welcoming_committee
Orc:1:    basic_altar, uniq_erolcha, uniq_maurice
Orc:2:    grunt_orc_community_town_hall, grunt_orc_community_big_house_2,
          grunt_orc_community_big_house_1, grunt_orc_community_house_2,
          grunt_orc_community_house_1, grunt_orc_community_house_1,
          grunt_orc_community_house_3, grunt_orc_community_house_2, basic_altar

Skill      XL: |  1  2  3  4  5  6  7  8  9 10 11 12 13 14 15 16 17 |
---------------+----------------------------------------------------+-----
Polearms       | 3 4 5 6 7 9 10 12 13 14 | 14.0
Throwing       | 2 3 6 |  6.0
Fighting       | 3 4 6 7 9 10 11 12 13 14 15 16 17 | 17.0
Shields        | 1 2 3 4 5 7 9 10 11 12 | 12.9
Dodging        | 3 5 7 9 10 11 12 | 12.5
Invocations    | 5 6 7 10 | 10.8
Armour         | 1 5 7 9 |  9.1

Action                   |  1- 3 |  4- 6 |  7- 9 | 10-12 | 13-15 | 16-18 || total
-------------------------+-------+-------+-------+-------+-------+-------++-------
Melee: Trident           |   142 |   135 |   342 |   700 |  1587 |  1516 ||  4422
       Kick              |    13 |    37 |    85 |   248 |   503 |   360 ||  1246
       Glaive            |       |       |       |    50 |       |       ||    50
       Headbutt          |       |       |       |       |       |    40 ||    40
Throw: Throwing net      |     2 |     1 |     4 |     6 |       |       ||    13
       Stone             |     2 |    10 |    11 |     3 |       |       ||    26
       Tomahawk          |       |       |     1 |    19 |     7 |     1 ||    28
       Javelin           |       |       |       |    10 |       |     3 ||    13
Invok: Lesser Servant of |       |       |       |    14 |    42 |     6 ||    62
       Minor Destruction |       |       |       |       |     8 |       ||     8
       Major Destruction |       |       |       |       |       |     6 ||     6
Evoke: Wand              |       |       |       |       |     4 |       ||     4
  Use: Scroll            |     1 |       |       |    19 |    11 |    11 ||    42
       Potion            |       |     1 |       |     1 |     4 |     1 ||     7
 Stab: Sleeping          |     5 |       |       |     2 |     2 |       ||     9
       Held in net/web   |       |     1 |       |     6 |       |       ||     7
       Distracted        |       |       |       |     5 |     4 |       ||     9
       Petrified         |       |       |       |       |       |     8 ||     8
  Eat: Chunk             |     1 |     5 |     5 |     9 |     2 |    21 ||    43
       Ration            |       |     1 |     3 |     5 |    13 |     2 ||    24
Armor: Leather armour    |    25 |       |     8 |   154 |    88 |       ||   275
       Ring mail         |     5 |    38 |    55 |       |       |       ||    98
       Plate armour      |       |       |    14 |       |   123 |   290 ||   427
       Scale mail        |       |       |    13 |       |       |       ||    13
Dodge: Dodged            |    74 |    29 |    68 |   301 |   403 |   282 ||  1157
       Deflected         |       |     6 |     6 |    11 |    66 |    73 ||   162
Block: Shield            |     5 |    35 |   102 |   205 |   566 |   659 ||  1572
       Buckler           |       |       |    10 |    27 |       |       ||    37
       Reflection        |       |       |       |       |       |    25 ||    25

Table legend:
 A = Non-vault XP
 B = Vault XP
 C = Vault XP percentage of total XP
 D = Non-vault monster count
 E = Vault monster count
 F = Vault count percentage of total count
                 A         B        C        D         E       F
            +---------+---------+-------+---------+---------+-------
      Total |  172976 |  114132 |  39.8 |     640 |     328 |  33.9
            +---------+---------+-------+---------+---------+-------
        D:1 |      45 |       0 |   0.0 |      25 |       0 |   0.0
        D:2 |      91 |      25 |  21.6 |      22 |       8 |  26.7
        D:3 |     206 |       0 |   0.0 |      14 |       0 |   0.0
        D:4 |     388 |       0 |   0.0 |      16 |       0 |   0.0
        D:5 |     840 |     321 |  27.6 |      27 |       2 |   6.9
        D:6 |    1088 |     838 |  43.5 |      21 |       2 |   8.7
        D:7 |     687 |     737 |  51.8 |      17 |       5 |  22.7
        D:8 |     643 |       0 |   0.0 |      27 |       0 |   0.0
        D:9 |    4882 |    1813 |  27.1 |      56 |      21 |  27.3
     Lair:1 |    3490 |       0 |   0.0 |      15 |       0 |   0.0
     Lair:2 |    5740 |     498 |   8.0 |      21 |       1 |   4.5
     Lair:3 |    2253 |     437 |  16.2 |       9 |       4 |  30.8
     Lair:4 |    6218 |    1455 |  19.0 |      29 |       7 |  19.4
     Lair:5 |    4496 |    6347 |  58.5 |      20 |      32 |  61.5
     Lair:6 |    5351 |   11649 |  68.5 |      20 |      29 |  59.2
   Shoals:1 |   11054 |    2065 |  15.7 |      23 |       6 |  20.7
   Shoals:2 |    4383 |    3611 |  45.2 |      11 |       6 |  35.3
   Shoals:3 |    5743 |    3365 |  36.9 |      12 |       7 |  36.8
   Shoals:4 |   11623 |   20578 |  63.9 |      20 |      39 |  66.1
    Snake:1 |   13360 |       0 |   0.0 |      33 |       0 |   0.0
    Snake:2 |   15150 |   13533 |  47.2 |      30 |      23 |  43.4
    Snake:3 |   30675 |    3602 |  10.5 |      56 |      12 |  17.6
    Snake:4 |   13257 |   35899 |  73.0 |      26 |      57 |  68.7
    Slime:1 |   14137 |       0 |   0.0 |      32 |       0 |   0.0
    Slime:2 |    5559 |       0 |   0.0 |      12 |       0 |   0.0
    Slime:3 |    6466 |       0 |   0.0 |       9 |       0 |   0.0
      Orc:1 |    2227 |     472 |  17.5 |      12 |       1 |   7.7
      Orc:2 |    2924 |    6887 |  70.2 |      25 |      66 |  72.5
            +---------+---------+-------+---------+---------+-------
